3126 views
Uploaded 2020-04-17 16:59:29
Game version 1.32.3
32:17 long 3on3 ladder game on (6)ThunderLake_LV
Saved by BEARAND
3126 views
Uploaded 2020-04-17 16:59:29
Game version 1.32.3
32:17 long 3on3 ladder game on (6)ThunderLake_LV


223 units @ 36k
/ 6k
58 buildings @ 10.2k
/ 4.7k


| Healing Salve | 3 | 300 |
| Scroll of Speed | 1 | 50 |
| Lesser Clarity Potion | 1 | 70 |
| Orb of Lightning | 1 | 375 |
| Scroll of Town Portal | 1 | 350 |
| total: | 7 | 1145g |
| Peon | 13 | 975 | / | 0 |
| Troll Headhunter | 8 | 1120 | / | 160 |
| Raider | 32 | 5760 | / | 1280 |
| Grunt | 1 | 200 | / | 0 |
| Demolisher | 8 | 1760 | / | 400 |
| Troll Berserker | 9 | 1260 | / | 180 |
| total: | 71 | 11075g | / | 2020w |
| Watch Tower | 5 | 550 | / | 400 |
| Altar of Storms | 1 | 180 | / | 50 |
| Orc Burrow | 6 | 960 | / | 240 |
| War Mill | 1 | 205 | / | 0 |
| Barracks | 1 | 180 | / | 50 |
| Voodoo Lounge | 1 | 130 | / | 30 |
| Great Hall | 3 | 1155 | / | 555 |
| Beastiary | 2 | 290 | / | 280 |
| Stronghold | 1 | 315 | / | 190 |
| Fortress | 1 | 325 | / | 190 |
| total: | 20 | 3650g | / | 1605w |
| 0:03 | Peon |
| 0:03 | Peon |
| 0:03 | Peon |
| 0:20 | Altar of Storms |
| 0:23 | Peon |
| 0:35 | Orc Burrow |
| 0:49 | War Mill |
| 1:04 | Peon |
| 1:11 | Barracks |
| 1:18 | Peon |
| 1:30 | Peon |
| 1:42 | Peon |
| 2:07 | Orc Burrow |
| 2:16 | Voodoo Lounge |
| 2:18 | Troll Headhunter |
| 2:26 | Endurance Aura |
| 2:35 | Steel Ranged Weapons |
| 2:38 | Troll Headhunter |
| 3:13 | Troll Headhunter |
| 3:29 | Stronghold |
| 3:36 | Troll Headhunter |
| 3:48 | Troll Headhunter |
| 4:01 | Steel Armor |
| 4:19 | Troll Headhunter |
| 4:28 | Healing Salve |
| 4:33 | Shockwave |
| 5:15 | Scroll of Speed |
| 5:41 | Great Hall |
| 5:57 | Fortress |
| 6:00 | Troll Regeneration |
| 6:15 | Orc Burrow |
| 7:08 | Orc Burrow |
| 7:13 | Shockwave |
| 7:42 | Beastiary |
| 7:47 | Beastiary |
| 7:54 | Troll Headhunter |
| 7:57 | Steel Melee Weapons |
| 9:22 | Ensnare |
| 9:22 | Raider |
| 9:22 | Raider |
| 9:33 | Healing Salve |
| 9:39 | Healing Wave |
| 9:46 | Peon |
| 9:46 | Peon |
| 9:46 | Peon |
| 9:50 | Troll Headhunter |
| 10:05 | Berserker Upgrade |
| 10:11 | Raider |
| 10:31 | Raider |
| 11:36 | Endurance Aura |
| 11:45 | Raider |
| 11:45 | Raider |
| 12:28 | Raider |
| 12:33 | Grunt |
| 12:34 | Healing Salve |
| 12:41 | Lesser Clarity Potion |
| 12:46 | Scroll of Town Portal |
| 13:08 | Thorium Armor |
| 14:06 | Raider |
| 14:06 | Raider |
| 14:47 | Raider |
| 15:05 | Hex |
| 15:25 | Raider |
| 15:25 | Raider |
| 15:40 | Raider |
| 15:49 | Peon |
| 16:32 | Raider |
| 16:32 | Raider |
| 17:08 | Raider |
| 17:08 | Raider |
| 18:09 | Great Hall |
| 18:13 | Raider |
| 18:14 | Raider |
| 19:04 | Raider |
| 19:04 | Raider |
| 19:14 | Raider |
| 19:14 | Raider |
| 19:39 | Thorium Melee Weapons |
| 20:23 | Orc Burrow |
| 20:42 | Orb of Lightning |
| 22:00 | Demolisher |
| 22:08 | Arcanite Melee Weapons |
| 22:23 | Great Hall |
| 22:26 | Watch Tower |
| 22:26 | Watch Tower |
| 22:27 | Watch Tower |
| 22:28 | Watch Tower |
| 22:29 | Watch Tower |
| 22:41 | Arcanite Armor |
| 22:42 | Reinforced Defenses |
| 22:44 | Orc Burrow |
| 24:10 | Raider |
| 24:10 | Raider |
| 24:10 | Raider |
| 24:13 | Troll Berserker |
| 24:14 | Troll Berserker |
| 24:14 | Troll Berserker |
| 24:39 | Raider |
| 24:42 | Troll Berserker |
| 24:42 | Troll Berserker |
| 25:30 | Raider |
| 25:31 | Raider |
| 25:33 | Troll Berserker |
| 25:34 | Troll Berserker |
| 25:54 | Thorium Ranged Weapons |
| 25:56 | Troll Berserker |
| 25:57 | Troll Berserker |
| 25:59 | Raider |
| 26:01 | Raider |
| 26:48 | Demolisher |
| 26:49 | Demolisher |
| 26:49 | Demolisher |
| 26:50 | Burning Oil |
| 27:48 | Peon |
| 28:39 | Demolisher |
| 30:10 | Demolisher |
| 30:10 | Demolisher |
| 30:58 | Raider |
| 31:00 | Demolisher |
| Right click | 1131 |
| Select | 598 |
| Select group | 384 |
| Build/train/purchase | 133 |
| Use ability | 61 |
| Assign group | 37 |
| Item give/drop | 4 |
| Remove unit | 4 |


| Scroll of Town Portal | 1 | 350 |
| total: | 1 | 350g |
| Wisp | 17 | 1020 | / | 0 |
| Archer | 22 | 2860 | / | 220 |
| Hippogryph | 22 | 3520 | / | 440 |
| Chimaera | 14 | 4620 | / | 980 |
| Faerie Dragon | 2 | 310 | / | 50 |
| Glaive Thrower | 2 | 420 | / | 130 |
| total: | 79 | 12750g | / | 1820w |
| Altar of Elders | 1 | 180 | / | 50 |
| Moon Well | 9 | 1620 | / | 360 |
| Ancient of War | 1 | 150 | / | 60 |
| Ancient of Wonders | 1 | 90 | / | 30 |
| Hunter's Hall | 1 | 210 | / | 100 |
| Tree of Life | 1 | 340 | / | 185 |
| Ancient of Wind | 1 | 150 | / | 140 |
| Chimaera Roost | 2 | 280 | / | 380 |
| Tree of Ages | 1 | 320 | / | 180 |
| Tree of Eternity | 1 | 330 | / | 200 |
| total: | 17 | 3020g | / | 1305w |
| 0:04 | Wisp |
| 0:08 | Altar of Elders |
| 0:10 | Moon Well |
| 0:13 | Wisp |
| 0:26 | Ancient of War |
| 0:36 | Wisp |
| 0:46 | Wisp |
| 1:03 | Wisp |
| 1:21 | Wisp |
| 1:27 | Archer |
| 1:35 | Moon Well |
| 1:38 | Wisp |
| 1:46 | Archer |
| 1:57 | Ancient of Wonders |
| 2:01 | Wisp |
| 2:08 | Entangling Roots |
| 2:27 | Archer |
| 2:33 | Moon Well |
| 2:47 | Archer |
| 2:51 | Wisp |
| 3:30 | Tree of Ages |
| 4:14 | Archer |
| 4:19 | Hunter's Hall |
| 4:23 | Moon Well |
| 4:45 | Thorns Aura |
| 5:37 | Entangling Roots |
| 6:16 | Tree of Eternity |
| 6:20 | Ancient of Wind |
| 6:29 | Archer |
| 7:27 | Hippogryph |
| 7:35 | Tree of Life |
| 7:46 | Moon Well |
| 7:49 | Archer |
| 8:19 | Hippogryph |
| 8:21 | Archer |
| 8:22 | Improved Bows |
| 8:25 | Strength of the Moon |
| 9:01 | Hippogryph |
| 9:10 | Searing Arrows |
| 9:12 | Wisp |
| 9:12 | Wisp |
| 9:12 | Wisp |
| 9:43 | Chimaera Roost |
| 9:44 | Hippogryph |
| 9:52 | Archer |
| 10:50 | Archer |
| 10:54 | Hippogryph |
| 12:34 | Chimaera |
| 12:38 | Hippogryph |
| 12:39 | Chimaera |
| 12:40 | Corrosive Breath |
| 12:43 | Hippogryph |
| 12:47 | Archer |
| 12:57 | Wisp |
| 12:57 | Wisp |
| 12:58 | Wisp |
| 12:59 | Wisp |
| 12:59 | Wisp |
| 13:10 | Archer |
| 13:10 | Archer |
| 13:17 | Scroll of Town Portal |
| 13:39 | Hippogryph |
| 13:40 | Archer |
| 14:44 | Thorns Aura |
| 15:02 | Trueshot Aura |
| 15:37 | Chimaera |
| 15:38 | Chimaera |
| 15:39 | Hippogryph |
| 15:39 | Hippogryph |
| 15:40 | Archer |
| 15:40 | Archer |
| 16:27 | Archer |
| 16:28 | Hippogryph |
| 16:33 | Chimaera |
| 18:30 | Hippogryph |
| 18:30 | Hippogryph |
| 18:30 | Hippogryph |
| 18:54 | Chimaera |
| 18:57 | Archer |
| 18:57 | Archer |
| 19:03 | Chimaera Roost |
| 19:50 | Chimaera |
| 19:54 | Hippogryph |
| 19:56 | Archer |
| 20:30 | Faerie Dragon |
| 20:31 | Faerie Dragon |
| 21:05 | Searing Arrows |
| 21:13 | Moon Well |
| 21:13 | Moon Well |
| 21:14 | Moon Well |
| 21:14 | Moon Well |
| 22:27 | Chimaera |
| 22:28 | Chimaera |
| 22:30 | Hippogryph |
| 22:31 | Hippogryph |
| 22:31 | Hippogryph |
| 24:03 | Hippogryph |
| 24:04 | Chimaera |
| 24:07 | Archer |
| 24:23 | Strength of the Wild |
| 24:23 | Reinforced Hides |
| 26:00 | Glaive Thrower |
| 26:18 | Chimaera |
| 26:20 | Hippogryph |
| 28:44 | Glaive Thrower |
| 28:46 | Hippogryph |
| 28:47 | Chimaera |
| 31:52 | Chimaera |
| 31:52 | Chimaera |
| 31:57 | Hippogryph |
| 31:59 | Archer |
| Right click | 632 |
| Select | 447 |
| Assign group | 116 |
| Build/train/purchase | 116 |
| Select group | 59 |
| Use ability | 37 |
| Resource trade | 9 |

| Wisp | 24 | 1440 | / | 0 |
| Archer | 12 | 1560 | / | 120 |
| Hippogryph | 16 | 2560 | / | 320 |
| Chimaera | 9 | 2970 | / | 630 |
| Mountain Giant | 8 | 2800 | / | 800 |
| Glaive Thrower | 4 | 840 | / | 260 |
| total: | 73 | 12170g | / | 2130w |
| Ancient Protector | 5 | 675 | / | 400 |
| Altar of Elders | 1 | 180 | / | 50 |
| Moon Well | 7 | 1260 | / | 280 |
| Ancient of War | 1 | 150 | / | 60 |
| Ancient of Wonders | 1 | 90 | / | 30 |
| Hunter's Hall | 1 | 210 | / | 100 |
| Tree of Life | 1 | 340 | / | 185 |
| Ancient of Wind | 1 | 150 | / | 140 |
| Ancient of Lore | 1 | 155 | / | 145 |
| Chimaera Roost | 2 | 280 | / | 380 |
| Tree of Ages | 1 | 320 | / | 180 |
| Tree of Eternity | 1 | 330 | / | 200 |
| total: | 21 | 3490g | / | 1770w |
| 0:03 | Wisp |
| 0:04 | Wisp |
| 0:04 | Wisp |
| 0:04 | Wisp |
| 0:19 | Altar of Elders |
| 0:22 | Moon Well |
| 0:41 | Ancient of War |
| 0:48 | Wisp |
| 1:04 | Wisp |
| 1:34 | Moon Well |
| 1:38 | Wisp |
| 1:38 | Wisp |
| 1:38 | Wisp |
| 1:38 | Wisp |
| 1:40 | Wisp |
| 1:45 | Archer |
| 1:57 | Ancient of Wonders |
| 2:01 | Wisp |
| 2:26 | Entangling Roots |
| 2:31 | Archer |
| 2:32 | Archer |
| 3:12 | Archer |
| 3:13 | Tree of Ages |
| 3:31 | Archer |
| 3:36 | Moon Well |
| 4:00 | Archer |
| 4:08 | Hunter's Hall |
| 4:52 | Archer |
| 4:57 | Moon Well |
| 5:13 | Thorns Aura |
| 5:48 | Tree of Eternity |
| 5:54 | Ancient of Wind |
| 5:57 | Moon Well |
| 6:18 | Improved Bows |
| 6:36 | Archer |
| 6:36 | Archer |
| 7:12 | Archer |
| 7:12 | Archer |
| 7:12 | Archer |
| 7:29 | Hippogryph |
| 7:29 | Hippogryph |
| 7:54 | Entangling Roots |
| 8:09 | Wisp |
| 8:09 | Wisp |
| 8:09 | Wisp |
| 8:13 | Chimaera Roost |
| 8:17 | Chimaera Roost |
| 9:05 | Tree of Life |
| 9:17 | Hippogryph |
| 9:38 | Corrosive Breath |
| 9:44 | Chimaera |
| 10:17 | Chimaera |
| 11:04 | Chimaera |
| 11:56 | Chimaera |
| 12:23 | Wisp |
| 12:23 | Wisp |
| 12:23 | Wisp |
| 13:06 | Strength of the Wild |
| 14:24 | Wisp |
| 14:24 | Wisp |
| 14:42 | Chimaera |
| 14:49 | Moon Well |
| 14:51 | Moon Well |
| 14:53 | Improved Strength of the Wild |
| 14:54 | Reinforced Hides |
| 16:41 | Hippogryph |
| 16:41 | Hippogryph |
| 16:41 | Hippogryph |
| 16:41 | Hippogryph |
| 17:21 | Hippogryph |
| 17:23 | Chimaera |
| 18:00 | Ancient Protector |
| 18:11 | Ancient Protector |
| 18:11 | Ancient Protector |
| 18:12 | Ancient Protector |
| 18:13 | Ancient Protector |
| 19:12 | Wisp |
| 19:12 | Wisp |
| 19:12 | Wisp |
| 19:17 | Chimaera |
| 20:00 | Hippogryph |
| 20:01 | Hippogryph |
| 20:12 | Ancient of Lore |
| 20:46 | Advanced Strength of the Wild |
| 20:47 | Improved Reinforced Hides |
| 21:07 | Wisp |
| 21:19 | Chimaera |
| 22:02 | Resistant Skin |
| 22:03 | Hardened Skin |
| 22:30 | Mountain Giant |
| 22:31 | Mountain Giant |
| 22:31 | Mountain Giant |
| 24:02 | Mountain Giant |
| 24:02 | Mountain Giant |
| 24:02 | Mountain Giant |
| 24:07 | Advanced Reinforced Hides |
| 24:14 | Hippogryph |
| 24:14 | Hippogryph |
| 24:14 | Hippogryph |
| 24:14 | Hippogryph |
| 24:53 | Ultravision |
| 25:59 | Hippogryph |
| 26:00 | Hippogryph |
| 26:20 | Vorpal Blades |
| 26:20 | Glaive Thrower |
| 26:21 | Glaive Thrower |
| 28:41 | Glaive Thrower |
| 28:41 | Glaive Thrower |
| 28:57 | Strength of the Moon |
| 29:03 | Mountain Giant |
| 31:58 | Mountain Giant |
| 32:02 | Chimaera |
| Right click | 653 |
| Select group | 404 |
| Select | 348 |
| Build/train/purchase | 110 |
| Assign group | 43 |
| Use ability | 20 |
| Minimap ping | 10 |
| Resource trade | 10 |
| Remove unit | 8 |
| Misc. action | 1 |
97 units @ 9.8k
/ 0.6k
368 buildings @ 16.5k
/ 9.4k
⇛
Mata
(32:22) : 


| Scroll of Regeneration | 5 | 500 |
| Potion of Healing | 1 | 150 |
| Staff of Sanctuary | 3 | 750 |
| Staff of Teleportation | 3 | 450 |
| Boots of Speed | 1 | 250 |
| total: | 13 | 2100g |
| Peasant | 26 | 1950 | / | 0 |
| Dragonhawk Rider | 5 | 1000 | / | 150 |
| total: | 31 | 2950g | / | 150w |
| Scout Tower | 121 | 3630 | / | 2420 |
| Arcane Tower | 9 | 630 | / | 450 |
| Guard Tower | 56 | 3920 | / | 2800 |
| Altar of Kings | 1 | 180 | / | 50 |
| Farm | 5 | 400 | / | 100 |
| Lumber Mill | 1 | 120 | / | 0 |
| Town Hall | 1 | 385 | / | 205 |
| Arcane Vault | 2 | 260 | / | 60 |
| Blacksmith | 1 | 140 | / | 60 |
| Barracks | 1 | 160 | / | 60 |
| Gryphon Aviary | 2 | 280 | / | 300 |
| Arcane Sanctum | 1 | 150 | / | 140 |
| Keep | 1 | 320 | / | 210 |
| Castle | 1 | 360 | / | 210 |
| total: | 136 | 5705g | / | 3395w |
| 0:01 | Peasant |
| 0:05 | Altar of Kings |
| 0:15 | Peasant |
| 0:17 | Farm |
| 0:23 | Peasant |
| 0:29 | Peasant |
| 0:52 | Lumber Mill |
| 0:55 | Peasant |
| 1:18 | Peasant |
| 1:20 | Scout Tower |
| 1:27 | Peasant |
| 1:55 | Arcane Tower |
| 1:55 | Peasant |
| 1:59 | Farm |
| 2:02 | Scout Tower |
| 2:19 | Scout Tower |
| 2:29 | Scout Tower |
| 2:30 | Guard Tower |
| 2:34 | Blizzard |
| 2:36 | Peasant |
| 2:36 | Peasant |
| 2:41 | Scout Tower |
| 2:46 | Scout Tower |
| 3:08 | Peasant |
| 3:13 | Peasant |
| 3:15 | Guard Tower |
| 3:16 | Scout Tower |
| 3:19 | Guard Tower |
| 3:21 | Scout Tower |
| 3:24 | Scout Tower |
| 3:25 | Peasant |
| 3:46 | Peasant |
| 3:50 | Guard Tower |
| 3:53 | Guard Tower |
| 4:21 | Brilliance Aura |
| 5:01 | Town Hall |
| 5:06 | Farm |
| 5:09 | Arcane Vault |
| 5:10 | Guard Tower |
| 5:22 | Scout Tower |
| 5:34 | Improved Masonry |
| 5:54 | Guard Tower |
| 5:56 | Scout Tower |
| 5:59 | Scout Tower |
| 6:56 | Staff of Teleportation |
| 6:57 | Blizzard |
| 7:00 | Guard Tower |
| 7:01 | Scout Tower |
| 7:01 | Scout Tower |
| 7:03 | Guard Tower |
| 7:04 | Scout Tower |
| 7:05 | Scroll of Regeneration |
| 7:08 | Peasant |
| 7:09 | Peasant |
| 7:09 | Peasant |
| 7:14 | Keep |
| 7:24 | Scout Tower |
| 7:27 | Scout Tower |
| 7:33 | Peasant |
| 7:38 | Guard Tower |
| 7:40 | Guard Tower |
| 7:42 | Scout Tower |
| 7:42 | Scout Tower |
| 7:44 | Scout Tower |
| 7:44 | Scout Tower |
| 7:45 | Scout Tower |
| 7:47 | Scout Tower |
| 7:48 | Scout Tower |
| 8:10 | Guard Tower |
| 8:19 | Scroll of Regeneration |
| 8:35 | Peasant |
| 8:35 | Peasant |
| 8:39 | Guard Tower |
| 8:41 | Guard Tower |
| 8:43 | Scout Tower |
| 8:43 | Scout Tower |
| 8:44 | Scout Tower |
| 9:12 | Guard Tower |
| 9:15 | Scout Tower |
| 9:16 | Scout Tower |
| 9:17 | Scout Tower |
| 9:19 | Guard Tower |
| 9:22 | Scout Tower |
| 9:23 | Scout Tower |
| 9:24 | Scout Tower |
| 9:50 | Guard Tower |
| 9:54 | Peasant |
| 9:56 | Peasant |
| 9:57 | Castle |
| 9:58 | Advanced Masonry |
| 10:30 | Peasant |
| 10:30 | Peasant |
| 10:36 | Guard Tower |
| 10:37 | Guard Tower |
| 10:38 | Scout Tower |
| 10:39 | Scout Tower |
| 10:39 | Scout Tower |
| 10:48 | Guard Tower |
| 10:52 | Guard Tower |
| 10:55 | Scout Tower |
| 10:55 | Scout Tower |
| 10:56 | Scout Tower |
| 11:15 | Scroll of Regeneration |
| 11:24 | Scout Tower |
| 11:30 | Potion of Healing |
| 11:53 | Scroll of Regeneration |
| 12:04 | Storm Bolt |
| 12:37 | Guard Tower |
| 12:39 | Scout Tower |
| 12:39 | Scout Tower |
| 12:40 | Scout Tower |
| 12:45 | Staff of Sanctuary |
| 12:45 | Scroll of Regeneration |
| 12:54 | Imbued Masonry |
| 12:54 | Improved Lumber Harvesting |
| 12:57 | Peasant |
| 13:00 | Guard Tower |
| 13:02 | Scout Tower |
| 13:02 | Scout Tower |
| 13:03 | Scout Tower |
| 13:06 | Scout Tower |
| 13:06 | Scout Tower |
| 13:07 | Scout Tower |
| 13:16 | Farm |
| 13:17 | Farm |
| 13:23 | Arcane Vault |
| 13:46 | Guard Tower |
| 13:47 | Scout Tower |
| 13:48 | Scout Tower |
| 13:48 | Scout Tower |
| 14:09 | Guard Tower |
| 14:33 | Blacksmith |
| 14:34 | Gryphon Aviary |
| 14:36 | Gryphon Aviary |
| 14:38 | Peasant |
| 15:05 | Guard Tower |
| 15:07 | Scout Tower |
| 15:07 | Scout Tower |
| 15:08 | Scout Tower |
| 15:10 | Staff of Sanctuary |
| 15:43 | Guard Tower |
| 15:47 | Scout Tower |
| 15:48 | Scout Tower |
| 15:49 | Scout Tower |
| 15:49 | Scout Tower |
| 15:50 | Scout Tower |
| 15:50 | Scout Tower |
| 15:51 | Scout Tower |
| 15:52 | Guard Tower |
| 15:55 | Studded Leather Armor |
| 15:56 | Dragonhawk Rider |
| 16:00 | Barracks |
| 16:05 | Staff of Teleportation |
| 16:05 | Boots of Speed |
| 16:14 | Holy Light |
| 16:38 | Advanced Lumber Harvesting |
| 16:47 | Staff of Sanctuary |
| 17:08 | Reinforced Leather Armor |
| 17:11 | Guard Tower |
| 17:12 | Scout Tower |
| 17:13 | Scout Tower |
| 17:13 | Scout Tower |
| 18:37 | Bash |
| 18:47 | Dragonhawk Rider |
| 18:48 | Animal War Training |
| 18:53 | Guard Tower |
| 18:54 | Scout Tower |
| 18:55 | Scout Tower |
| 18:57 | Scout Tower |
| 19:04 | Divine Shield |
| 19:07 | Guard Tower |
| 19:08 | Scout Tower |
| 19:09 | Scout Tower |
| 19:10 | Scout Tower |
| 19:15 | Dragonhide Armor |
| 19:23 | Brilliance Aura |
| 19:55 | Dragonhawk Rider |
| 20:11 | Guard Tower |
| 20:14 | Scout Tower |
| 20:20 | Scout Tower |
| 20:21 | Scout Tower |
| 20:22 | Scout Tower |
| 20:23 | Scout Tower |
| 20:33 | Guard Tower |
| 20:34 | Scout Tower |
| 20:34 | Scout Tower |
| 20:35 | Scout Tower |
| 20:36 | Scout Tower |
| 20:37 | Scout Tower |
| 20:38 | Scout Tower |
| 21:07 | Guard Tower |
| 21:08 | Guard Tower |
| 21:14 | Arcane Tower |
| 21:28 | Arcane Sanctum |
| 21:57 | Guard Tower |
| 21:59 | Scout Tower |
| 21:59 | Scout Tower |
| 22:00 | Scout Tower |
| 22:02 | Guard Tower |
| 22:25 | Guard Tower |
| 22:29 | Scout Tower |
| 22:29 | Scout Tower |
| 22:30 | Scout Tower |
| 22:31 | Guard Tower |
| 22:40 | Magic Sentry |
| 22:49 | Staff of Teleportation |
| 24:04 | Dragonhawk Rider |
| 24:10 | Guard Tower |
| 24:12 | Scout Tower |
| 24:12 | Scout Tower |
| 24:13 | Scout Tower |
| 24:15 | Scout Tower |
| 24:16 | Scout Tower |
| 24:17 | Scout Tower |
| 24:29 | Guard Tower |
| 24:31 | Scout Tower |
| 24:32 | Scout Tower |
| 24:33 | Scout Tower |
| 24:39 | Iron Forged Swords |
| 24:41 | Guard Tower |
| 24:43 | Guard Tower |
| 24:51 | Scout Tower |
| 24:52 | Scout Tower |
| 24:52 | Scout Tower |
| 24:53 | Scout Tower |
| 24:54 | Scout Tower |
| 24:54 | Scout Tower |
| 24:55 | Scout Tower |
| 24:56 | Scout Tower |
| 24:56 | Scout Tower |
| 25:06 | Guard Tower |
| 25:09 | Scout Tower |
| 25:10 | Scout Tower |
| 25:11 | Scout Tower |
| 25:14 | Scout Tower |
| 25:15 | Scout Tower |
| 25:17 | Scout Tower |
| 25:24 | Guard Tower |
| 25:35 | Scout Tower |
| 25:37 | Scout Tower |
| 25:38 | Scout Tower |
| 25:43 | Guard Tower |
| 25:48 | Guard Tower |
| 25:50 | Scout Tower |
| 25:51 | Scout Tower |
| 25:52 | Scout Tower |
| 25:52 | Guard Tower |
| 25:55 | Guard Tower |
| 26:25 | Guard Tower |
| 26:32 | Guard Tower |
| 26:43 | Storm Bolt |
| 27:00 | Guard Tower |
| 27:19 | Holy Light |
| 27:41 | Guard Tower |
| 27:49 | Guard Tower |
| 27:51 | Scout Tower |
| 27:52 | Scout Tower |
| 27:52 | Scout Tower |
| 28:10 | Arcane Tower |
| 28:25 | Guard Tower |
| 28:31 | Arcane Tower |
| 28:37 | Arcane Tower |
| 28:59 | Arcane Tower |
| 29:08 | Arcane Tower |
| 29:35 | Arcane Tower |
| 29:52 | Blizzard |
| 30:03 | Arcane Tower |
| 31:41 | Bash |
| 31:54 | Dragonhawk Rider |
| 32:12 | Divine Shield |
| Right click | 1820 |
| Select | 1368 |
| Select group | 482 |
| Build/train/purchase | 188 |
| Use ability | 126 |
| Assign group | 118 |
| Minimap ping | 18 |
| Resource trade | 17 |
| Misc. action | 15 |
| Remove unit | 4 |
| Item give/drop | 1 |



| Scroll of Regeneration | 2 | 200 |
| Potion of Healing | 2 | 300 |
| Staff of Sanctuary | 3 | 750 |
| Orb of Fire | 4 | 1300 |
| Scroll of Town Portal | 1 | 350 |
| Boots of Speed | 3 | 750 |
| Staff of Teleportation | 3 | 450 |
| total: | 18 | 4100g |
| Peasant | 23 | 1725 | / | 0 |
| Priest | 1 | 135 | / | 10 |
| Dragonhawk Rider | 6 | 1200 | / | 180 |
| total: | 30 | 3060g | / | 190w |
| Scout Tower | 102 | 3060 | / | 2040 |
| Arcane Tower | 10 | 700 | / | 500 |
| Guard Tower | 72 | 5040 | / | 3600 |
| Altar of Kings | 1 | 180 | / | 50 |
| Farm | 7 | 560 | / | 140 |
| Lumber Mill | 1 | 120 | / | 0 |
| Arcane Vault | 3 | 390 | / | 90 |
| Town Hall | 2 | 770 | / | 410 |
| Blacksmith | 1 | 140 | / | 60 |
| Barracks | 1 | 160 | / | 60 |
| Arcane Sanctum | 1 | 150 | / | 140 |
| Gryphon Aviary | 1 | 140 | / | 150 |
| Keep | 1 | 320 | / | 210 |
| Castle | 1 | 360 | / | 210 |
| total: | 120 | 5670g | / | 3140w |
| 0:03 | Peasant |
| 0:03 | Peasant |
| 0:11 | Altar of Kings |
| 0:19 | Farm |
| 0:27 | Peasant |
| 0:44 | Lumber Mill |
| 0:50 | Peasant |
| 0:53 | Scout Tower |
| 1:04 | Peasant |
| 1:24 | Farm |
| 1:30 | Peasant |
| 1:30 | Peasant |
| 1:38 | Scout Tower |
| 1:40 | Arcane Tower |
| 1:41 | Peasant |
| 1:42 | Peasant |
| 1:53 | Scout Tower |
| 1:54 | Peasant |
| 2:05 | Guard Tower |
| 2:14 | Peasant |
| 2:22 | Scout Tower |
| 2:36 | Peasant |
| 2:38 | Guard Tower |
| 2:42 | Scout Tower |
| 2:43 | Scout Tower |
| 2:54 | Blizzard |
| 2:58 | Peasant |
| 2:59 | Peasant |
| 3:26 | Guard Tower |
| 3:30 | Improved Masonry |
| 4:03 | Guard Tower |
| 4:04 | Keep |
| 4:05 | Guard Tower |
| 4:07 | Scout Tower |
| 4:09 | Scout Tower |
| 4:21 | Boots of Speed |
| 4:21 | Staff of Teleportation |
| 4:35 | Guard Tower |
| 5:00 | Guard Tower |
| 5:01 | Scout Tower |
| 5:02 | Scout Tower |
| 5:03 | Scout Tower |
| 5:20 | Farm |
| 5:21 | Farm |
| 5:31 | Guard Tower |
| 6:07 | Brilliance Aura |
| 6:08 | Brilliance Aura |
| 6:08 | Brilliance Aura |
| 6:08 | Brilliance Aura |
| 6:08 | Brilliance Aura |
| 6:08 | Brilliance Aura |
| 6:09 | Brilliance Aura |
| 6:09 | Brilliance Aura |
| 6:09 | Brilliance Aura |
| 6:10 | Brilliance Aura |
| 6:10 | Brilliance Aura |
| 6:10 | Brilliance Aura |
| 6:10 | Brilliance Aura |
| 6:10 | Brilliance Aura |
| 6:11 | Brilliance Aura |
| 6:11 | Brilliance Aura |
| 6:11 | Brilliance Aura |
| 6:15 | Arcane Vault |
| 6:16 | Arcane Vault |
| 6:18 | Guard Tower |
| 6:23 | Guard Tower |
| 6:29 | Scout Tower |
| 6:30 | Scout Tower |
| 6:30 | Scout Tower |
| 6:31 | Scout Tower |
| 6:41 | Advanced Masonry |
| 6:44 | Improved Lumber Harvesting |
| 7:01 | Scroll of Regeneration |
| 7:07 | Guard Tower |
| 7:24 | Arcane Sanctum |
| 7:27 | Guard Tower |
| 7:39 | Storm Bolt |
| 7:52 | Guard Tower |
| 8:34 | Town Hall |
| 8:38 | Scout Tower |
| 8:38 | Scout Tower |
| 8:40 | Guard Tower |
| 8:41 | Scout Tower |
| 8:42 | Scout Tower |
| 9:08 | Arcane Tower |
| 9:09 | Guard Tower |
| 9:15 | Scout Tower |
| 9:17 | Scout Tower |
| 9:17 | Scout Tower |
| 9:32 | Arcane Vault |
| 9:35 | Magic Sentry |
| 9:35 | Priest |
| 9:44 | Scout Tower |
| 9:46 | Scout Tower |
| 9:48 | Scout Tower |
| 9:52 | Arcane Tower |
| 10:01 | Scout Tower |
| 10:02 | Scout Tower |
| 10:22 | Arcane Tower |
| 10:36 | Guard Tower |
| 10:50 | Scout Tower |
| 10:52 | Scout Tower |
| 10:53 | Scout Tower |
| 10:55 | Scout Tower |
| 10:55 | Scout Tower |
| 11:18 | Guard Tower |
| 11:19 | Guard Tower |
| 11:29 | Potion of Healing |
| 11:29 | Potion of Healing |
| 11:47 | Bash |
| 11:57 | Scroll of Town Portal |
| 12:04 | Scout Tower |
| 12:29 | Scout Tower |
| 12:29 | Scout Tower |
| 12:32 | Guard Tower |
| 12:33 | Guard Tower |
| 12:37 | Scout Tower |
| 12:38 | Scout Tower |
| 12:38 | Scout Tower |
| 12:39 | Scout Tower |
| 12:40 | Scout Tower |
| 12:41 | Scout Tower |
| 12:43 | Scout Tower |
| 12:43 | Scout Tower |
| 12:44 | Guard Tower |
| 12:46 | Castle |
| 12:48 | Guard Tower |
| 13:00 | Scroll of Regeneration |
| 13:04 | Guard Tower |
| 13:05 | Guard Tower |
| 13:06 | Scout Tower |
| 13:07 | Scout Tower |
| 13:18 | Guard Tower |
| 13:20 | Scout Tower |
| 13:21 | Scout Tower |
| 13:22 | Peasant |
| 13:28 | Guard Tower |
| 13:29 | Guard Tower |
| 13:30 | Guard Tower |
| 13:55 | Guard Tower |
| 13:55 | Guard Tower |
| 14:00 | Guard Tower |
| 14:25 | Scout Tower |
| 14:26 | Scout Tower |
| 14:31 | Blizzard |
| 15:19 | Guard Tower |
| 15:21 | Peasant |
| 15:21 | Peasant |
| 15:27 | Staff of Sanctuary |
| 15:29 | Orb of Fire |
| 15:29 | Orb of Fire |
| 15:36 | Guard Tower |
| 15:38 | Scout Tower |
| 15:38 | Scout Tower |
| 15:40 | Peasant |
| 15:40 | Peasant |
| 15:42 | Guard Tower |
| 15:43 | Imbued Masonry |
| 16:09 | Storm Bolt |
| 16:19 | Holy Light |
| 16:27 | Scout Tower |
| 16:27 | Scout Tower |
| 16:27 | Scout Tower |
| 16:28 | Scout Tower |
| 16:39 | Peasant |
| 16:39 | Peasant |
| 16:40 | Peasant |
| 16:40 | Peasant |
| 17:57 | Staff of Sanctuary |
| 17:57 | Orb of Fire |
| 17:59 | Guard Tower |
| 18:13 | Orb of Fire |
| 18:52 | Scout Tower |
| 18:53 | Scout Tower |
| 18:53 | Scout Tower |
| 19:19 | Scout Tower |
| 19:20 | Scout Tower |
| 19:20 | Scout Tower |
| 19:21 | Scout Tower |
| 19:24 | Scout Tower |
| 19:24 | Scout Tower |
| 19:25 | Scout Tower |
| 19:26 | Scout Tower |
| 19:28 | Gryphon Aviary |
| 19:29 | Blacksmith |
| 19:30 | Barracks |
| 19:32 | Farm |
| 19:32 | Farm |
| 19:33 | Farm |
| 19:39 | Staff of Teleportation |
| 19:39 | Boots of Speed |
| 19:42 | Boots of Speed |
| 19:57 | Divine Shield |
| 20:11 | Guard Tower |
| 20:20 | Guard Tower |
| 20:21 | Guard Tower |
| 20:21 | Guard Tower |
| 20:22 | Guard Tower |
| 20:27 | Scout Tower |
| 20:27 | Scout Tower |
| 20:31 | Scout Tower |
| 20:32 | Scout Tower |
| 20:33 | Scout Tower |
| 20:33 | Scout Tower |
| 20:42 | Staff of Sanctuary |
| 20:54 | Dragonhawk Rider |
| 20:54 | Dragonhawk Rider |
| 21:08 | Guard Tower |
| 21:15 | Dragonhawk Rider |
| 21:26 | Guard Tower |
| 21:53 | Guard Tower |
| 21:54 | Guard Tower |
| 22:02 | Scout Tower |
| 22:04 | Scout Tower |
| 22:07 | Scout Tower |
| 22:08 | Scout Tower |
| 22:09 | Scout Tower |
| 22:09 | Scout Tower |
| 22:30 | Guard Tower |
| 22:40 | Arcane Tower |
| 22:43 | Dragonhawk Rider |
| 22:43 | Dragonhawk Rider |
| 23:21 | Animal War Training |
| 23:57 | Bash |
| 24:11 | Brilliance Aura |
| 24:28 | Scout Tower |
| 24:28 | Scout Tower |
| 24:29 | Scout Tower |
| 24:29 | Scout Tower |
| 24:29 | Scout Tower |
| 24:30 | Scout Tower |
| 24:30 | Scout Tower |
| 24:31 | Scout Tower |
| 24:31 | Scout Tower |
| 24:32 | Scout Tower |
| 24:39 | Dragonhawk Rider |
| 24:41 | Studded Leather Armor |
| 24:54 | Town Hall |
| 24:56 | Scout Tower |
| 24:56 | Scout Tower |
| 25:17 | Guard Tower |
| 25:47 | Scout Tower |
| 25:47 | Scout Tower |
| 25:48 | Scout Tower |
| 25:49 | Scout Tower |
| 25:53 | Guard Tower |
| 26:00 | Staff of Teleportation |
| 26:09 | Guard Tower |
| 26:13 | Scout Tower |
| 26:15 | Scout Tower |
| 26:16 | Guard Tower |
| 26:17 | Guard Tower |
| 26:21 | Scout Tower |
| 26:21 | Scout Tower |
| 26:22 | Scout Tower |
| 26:23 | Scout Tower |
| 26:23 | Scout Tower |
| 26:23 | Scout Tower |
| 26:40 | Arcane Tower |
| 26:42 | Arcane Tower |
| 26:42 | Guard Tower |
| 26:52 | Arcane Tower |
| 26:54 | Guard Tower |
| 27:04 | Guard Tower |
| 27:22 | Arcane Tower |
| 27:30 | Guard Tower |
| 27:31 | Guard Tower |
| 28:27 | Guard Tower |
| 31:01 | Holy Light |
| Right click | 3136 |
| Select | 688 |
| Select group | 639 |
| Build/train/purchase | 270 |
| Use ability | 100 |
| Chat | 55 |
| Assign group | 24 |
| Minimap ping | 10 |
| Item give/drop | 4 |
| Misc. action | 3 |
⇛
TIMG4STRok
(32:20) : 


x1)
| Scroll of Regeneration | 3 | 300 |
| Potion of Healing | 1 | 150 |
| Staff of Sanctuary | 3 | 750 |
| Orb of Fire | 2 | 650 |
| Scroll of Town Portal | 1 | 350 |
| Boots of Speed | 3 | 750 |
| Staff of Teleportation | 3 | 450 |
| Circlet of Nobility | 2 | 350 |
| Periapt of Vitality | 2 | 650 |
| Tome of Retraining | 1 | 300 |
| total: | 21 | 4700g |
| Peasant | 28 | 2100 | / | 0 |
| Dragonhawk Rider | 6 | 1200 | / | 180 |
| Priest | 1 | 135 | / | 10 |
| Goblin Shredder | 1 | 375 | / | 100 |
| total: | 36 | 3810g | / | 290w |
| Scout Tower | 95 | 2850 | / | 1900 |
| Arcane Tower | 6 | 420 | / | 300 |
| Guard Tower | 37 | 2590 | / | 1850 |
| Altar of Kings | 1 | 180 | / | 50 |
| Farm | 6 | 480 | / | 120 |
| Lumber Mill | 1 | 120 | / | 0 |
| Arcane Vault | 3 | 390 | / | 90 |
| Town Hall | 1 | 385 | / | 205 |
| Blacksmith | 2 | 280 | / | 120 |
| Barracks | 1 | 160 | / | 60 |
| Arcane Sanctum | 1 | 150 | / | 140 |
| Gryphon Aviary | 1 | 140 | / | 150 |
| Keep | 1 | 320 | / | 210 |
| Castle | 1 | 360 | / | 210 |
| total: | 112 | 5135g | / | 2835w |
| 0:03 | Peasant |
| 0:03 | Peasant |
| 0:06 | Altar of Kings |
| 0:09 | Farm |
| 0:19 | Peasant |
| 0:19 | Peasant |
| 0:27 | Peasant |
| 0:48 | Scout Tower |
| 0:49 | Peasant |
| 0:53 | Farm |
| 1:02 | Lumber Mill |
| 1:12 | Farm |
| 1:13 | Peasant |
| 1:13 | Peasant |
| 1:16 | Arcane Tower |
| 1:19 | Scout Tower |
| 1:36 | Peasant |
| 1:41 | Peasant |
| 1:42 | Peasant |
| 1:52 | Arcane Tower |
| 1:57 | Peasant |
| 1:57 | Peasant |
| 2:07 | Scout Tower |
| 2:12 | Blizzard |
| 2:13 | Peasant |
| 2:13 | Peasant |
| 2:22 | Peasant |
| 2:26 | Scout Tower |
| 2:41 | Guard Tower |
| 2:43 | Scout Tower |
| 2:46 | Improved Masonry |
| 2:47 | Peasant |
| 3:18 | Peasant |
| 3:19 | Peasant |
| 3:19 | Guard Tower |
| 3:25 | Scout Tower |
| 3:26 | Peasant |
| 3:26 | Peasant |
| 3:49 | Boots of Speed |
| 3:49 | Staff of Teleportation |
| 3:57 | Guard Tower |
| 4:05 | Farm |
| 4:46 | Keep |
| 4:47 | Arcane Vault |
| 4:58 | Scout Tower |
| 4:58 | Scout Tower |
| 4:59 | Scout Tower |
| 4:59 | Scout Tower |
| 5:58 | Town Hall |
| 5:59 | Brilliance Aura |
| 6:03 | Guard Tower |
| 6:09 | Scout Tower |
| 6:09 | Scout Tower |
| 6:11 | Scout Tower |
| 6:11 | Scout Tower |
| 6:17 | Scout Tower |
| 6:18 | Scout Tower |
| 6:21 | Scroll of Regeneration |
| 6:44 | Scout Tower |
| 6:44 | Scout Tower |
| 6:49 | Arcane Tower |
| 6:53 | Guard Tower |
| 7:03 | Guard Tower |
| 7:09 | Arcane Tower |
| 7:20 | Guard Tower |
| 7:27 | Peasant |
| 7:27 | Peasant |
| 7:27 | Peasant |
| 7:30 | Scout Tower |
| 7:31 | Scout Tower |
| 8:05 | Guard Tower |
| 8:10 | Guard Tower |
| 8:27 | Peasant |
| 8:27 | Peasant |
| 8:29 | Improved Lumber Harvesting |
| 8:33 | Arcane Sanctum |
| 8:36 | Peasant |
| 8:36 | Peasant |
| 8:42 | Advanced Masonry |
| 8:44 | Storm Bolt |
| 9:06 | Scout Tower |
| 9:07 | Scout Tower |
| 9:08 | Scout Tower |
| 9:09 | Scout Tower |
| 9:28 | Circlet of Nobility |
| 9:28 | Boots of Speed |
| 9:28 | Staff of Teleportation |
| 9:41 | Castle |
| 9:46 | Guard Tower |
| 9:49 | Arcane Tower |
| 9:53 | Magic Sentry |
| 10:07 | Goblin Shredder |
| 10:21 | Blizzard |
| 10:30 | Guard Tower |
| 10:32 | Scout Tower |
| 10:32 | Scout Tower |
| 10:33 | Scout Tower |
| 10:34 | Scout Tower |
| 11:00 | Scout Tower |
| 11:00 | Scout Tower |
| 11:01 | Scout Tower |
| 11:01 | Scout Tower |
| 11:05 | Scout Tower |
| 11:05 | Scout Tower |
| 11:06 | Scout Tower |
| 11:06 | Scout Tower |
| 11:07 | Guard Tower |
| 11:12 | Arcane Vault |
| 11:13 | Arcane Vault |
| 11:15 | Potion of Healing |
| 11:15 | Scroll of Regeneration |
| 11:27 | Scout Tower |
| 11:28 | Scout Tower |
| 11:29 | Scout Tower |
| 11:29 | Scout Tower |
| 11:30 | Scout Tower |
| 11:30 | Scout Tower |
| 11:31 | Scout Tower |
| 11:31 | Scout Tower |
| 11:34 | Guard Tower |
| 11:35 | Scout Tower |
| 11:36 | Scout Tower |
| 11:59 | Scroll of Town Portal |
| 12:10 | Thunder Clap |
| 12:34 | Guard Tower |
| 12:37 | Guard Tower |
| 12:39 | Guard Tower |
| 12:49 | Farm |
| 12:54 | Scout Tower |
| 12:55 | Scout Tower |
| 12:56 | Scout Tower |
| 12:56 | Scout Tower |
| 13:08 | Imbued Masonry |
| 13:19 | Guard Tower |
| 13:21 | Guard Tower |
| 13:24 | Staff of Sanctuary |
| 13:26 | Staff of Sanctuary |
| 13:33 | Orb of Fire |
| 13:39 | Gryphon Aviary |
| 14:40 | Scout Tower |
| 14:41 | Scout Tower |
| 14:44 | Blacksmith |
| 14:45 | Barracks |
| 15:22 | Scout Tower |
| 15:22 | Scout Tower |
| 15:23 | Scout Tower |
| 15:23 | Scout Tower |
| 15:27 | Dragonhawk Rider |
| 15:28 | Dragonhawk Rider |
| 15:32 | Blacksmith |
| 15:34 | Farm |
| 15:37 | Advanced Lumber Harvesting |
| 15:45 | Arcane Tower |
| 16:11 | Dragonhawk Rider |
| 16:20 | Guard Tower |
| 16:48 | Dragonhawk Rider |
| 16:48 | Dragonhawk Rider |
| 16:49 | Animal War Training |
| 16:50 | Studded Leather Armor |
| 16:51 | Iron Forged Swords |
| 17:09 | Guard Tower |
| 17:09 | Scout Tower |
| 17:10 | Scout Tower |
| 17:11 | Scout Tower |
| 17:12 | Scout Tower |
| 17:13 | Scout Tower |
| 18:36 | Brilliance Aura |
| 18:48 | Storm Bolt |
| 19:14 | Reinforced Leather Armor |
| 19:14 | Steel Forged Swords |
| 19:19 | Cloud |
| 19:22 | Guard Tower |
| 19:40 | Bash |
| 19:48 | Guard Tower |
| 19:50 | Scout Tower |
| 19:51 | Scout Tower |
| 19:52 | Scout Tower |
| 19:53 | Scout Tower |
| 20:00 | Priest Adept Training |
| 20:04 | Scroll of Regeneration |
| 20:08 | Priest |
| 20:29 | Scout Tower |
| 20:29 | Scout Tower |
| 20:30 | Scout Tower |
| 20:31 | Scout Tower |
| 20:32 | Scout Tower |
| 20:32 | Scout Tower |
| 20:33 | Scout Tower |
| 20:34 | Scout Tower |
| 20:37 | Scout Tower |
| 20:37 | Scout Tower |
| 20:38 | Scout Tower |
| 21:15 | Guard Tower |
| 21:17 | Scout Tower |
| 21:18 | Scout Tower |
| 21:18 | Scout Tower |
| 21:22 | Guard Tower |
| 21:32 | Guard Tower |
| 21:35 | Priest Master Training |
| 22:05 | Holy Light |
| 22:07 | Guard Tower |
| 22:10 | Guard Tower |
| 22:13 | Staff of Sanctuary |
| 22:13 | Orb of Fire |
| 22:21 | Guard Tower |
| 22:39 | Periapt of Vitality |
| 22:46 | Periapt of Vitality |
| 22:46 | Circlet of Nobility |
| 22:46 | Boots of Speed |
| 22:46 | Staff of Teleportation |
| 23:12 | Guard Tower |
| 24:31 | Scout Tower |
| 24:32 | Scout Tower |
| 24:32 | Scout Tower |
| 24:33 | Scout Tower |
| 24:37 | Scout Tower |
| 24:38 | Scout Tower |
| 24:39 | Scout Tower |
| 24:40 | Scout Tower |
| 24:41 | Scout Tower |
| 24:42 | Scout Tower |
| 24:45 | Tome of Retraining |
| 24:45 | Retrain Hero |
| 24:47 | Storm Bolt |
| 24:47 | Thunder Clap |
| 24:47 | Thunder Clap |
| 24:57 | Dragonhide Armor |
| 24:57 | Mithril Forged Swords |
| 25:14 | Guard Tower |
| 25:54 | Divine Shield |
| 27:50 | Guard Tower |
| 27:53 | Guard Tower |
| 28:47 | Scout Tower |
| 28:47 | Scout Tower |
| 28:49 | Scout Tower |
| 28:49 | Scout Tower |
| 28:50 | Scout Tower |
| 28:51 | Scout Tower |
| 30:21 | Blizzard |
| 30:58 | Holy Light |
| 31:01 | Dragonhawk Rider |
| 31:04 | Storm Bolt |
| 31:45 | Guard Tower |
| 31:46 | Guard Tower |
| Right click | 2332 |
| Select group | 2134 |
| Select | 311 |
| Build/train/purchase | 175 |
| Use ability | 145 |
| Misc. action | 48 |
| Resource trade | 47 |
| Minimap ping | 45 |
| Chat | 33 |
| Assign group | 20 |
| Item give/drop | 8 |
| Esc | 4 |